 Dungeon Crawl Stone Soup version 0.27.1-1-g398f81649c (webtiles) character file.

Game seed: 15489469935313783825

242 Kinoniko the Cudgeller (level 5, -3/43 HPs)
             Began as a Palentonga Berserker on Sept 9, 2021.
             Was a Believer of Trog.
             Slain by an orc (7 damage)
             ... on level 3 of the Dungeon.
             The game lasted 00:02:26 (3003 turns).

Kinoniko the Cudgeller (Palentonga Berserker)       Turns: 3003, Time: 00:02:26

Health: -3/43      AC:  7    Str: 21    XL:     5   Next: 82%
Magic:  5/5        EV:  6    Int:  7    God:    Trog [**....]
Gold:   105        SH:  0    Dex: 10    Spells: 4/4 levels left

rFire    . . .     SeeInvis +   n - +0 flail
rCold    . . .     Faith    .   (no shield)
rNeg     . . .     Spirit   .   i - +0 chain mail
rPois    .         Reflect  .   (no helmet)
rElec    .         Harm     .   (no cloak)
rCorr    .         Rampage  .   (no gloves)
Will     .....                  (no barding)
Stlth    ..........             (no amulet)
HPRegen  0.14/turn              (no ring)
MPRegen  0.09/turn              (no ring)

@: on berserk cooldown, slowed, very slow
A: large, rugged brown scales 3, see invisible, deformed body, roll 1, armoured
tail
a: Rolling Charge, Renounce Religion, Berserk, Trog's Hand


You were on level 3 of the Dungeon.
You worshipped Trog.
Trog was pleased with you.
You visited 1 branch of the dungeon, and saw 4 of its levels.

You collected 105 gold pieces.

Inventory:

Hand Weapons
 a - a +0 mace
 n - a +0 flail (weapon)
Armour
 b - a +0 animal skin
 e - a +0 ring mail
 i - a +0 chain mail (worn)
Scrolls
 f - 2 scrolls of enchant weapon
 h - a scroll of fear
 j - a scroll of magic mapping
 m - a scroll of immolation
 p - a scroll of silence
 q - a scroll of fog
Potions
 c - a potion of degeneration {unknown}
 g - 2 potions of haste {unknown}
 k - a potion of curing {unknown}
 l - a potion of heal wounds {unknown}
 o - a potion of flight {unknown}


   Skills:
 + Level 3.5 Fighting
 * Level 6.3 Maces & Flails
 - Level 1.5 Armour
 - Level 1.5 Dodging


You had 4 spell levels left.
You didn't know any spells.
Your spell library was empty.

Dungeon Overview and Level Annotations

Branches:
Dungeon (4/15)
 Temple: D:4-7

Altars:
Trog
Xom
The Shining One

Annotations:
D:3 1 runed translucent door, Linguinho's ghost, amateur GrFi


Innate Abilities, Weirdness & Mutations

You are completely covered in rugged brown scales. (AC +3, +7% HP)
You have supernaturally acute eyesight. (SInv)
Armour fits poorly on your strangely shaped body.
You can roll at nearby foes to attack.
You have a long armoured tail.


Message History

The gnoll shouts!
You tail-slap the ogre!
You kill the ogre!
Trog accepts your kill.
You hear a shout! x2
The orc hits you from afar with a +0 trident.
* * * LOW HITPOINT WARNING * * *
Your Maces & Flails skill increases to level 6!
You thump the orc!
You kill the orc!
Trog accepts your kill. The orc hits you but does no damage.
You hit the orc.
The orc is severely wounded.
The orc hits you but does no damage.
You barely miss the orc.
The orc is severely wounded.
The orc hits you from afar with a +0 trident.
* * * LOW HITPOINT WARNING * * *
The orc hits you from afar with a +0 trident!
* * * LOW HITPOINT WARNING * * *
You feel a strong urge to attack something.
You are no longer berserk.
You are exhausted.
You feel yourself slow down.
There is a stone staircase leading up here.
The orc hits you but does no damage. x2; The orc completely misses you.
You climb upwards.
Level annotation: 1 runed translucent door, Linguinho's ghost, amateur GrFi
There is a stone staircase leading down here.
Unknown command.
You hit the orc but do no damage.
You tail-slap the orc, but do no damage.
The orc is severely wounded.
The orc hits you but does no damage.
Unknown command.
You barely miss the orc.
The orc is severely wounded.
The orc barely misses you. The orc hits you with a +0 flail!
You die...

##.### #.#...# #.# .....###.###.#
#.# .........# #.# ######.#
......#### #.# #.......
.....#######.# #.####.#
.....#.....#.# #.# #.#
.#.#.#.♣♣♣.#.# #.# #.#
#..#.'.♣.†.#.# ###########.# #.#
##...'.♣._.#.# #@o.......#.####.#
#.##.'.♣...### #.#######.#...##.#
...###.♣♣♣.# #.# #.###.##.#
.#...#.....### #.# #.# #.##.#
...#########.###.#≈#####.###.##.#
#.## #........#)#......##.##.#
#.# #....###.#≈#####..##.##.. #.#
#.#.## #.#W# #..##.#### ..# #.#.#
#.#S## #..##.#


You could see an orc.

Vanquished Creatures
  An ogre (D:4)
  Terence (D:2)
  4 adders
  4 dart slugs
  6 orcs
  3 ball pythons
  7 endoplasms
  2 giant cockroaches (D:1)
  6 goblins
  6 hobgoblins
  12 jackals
  3 kobolds
  6 quokkas
  9 bats
  3 frilled lizards
  4 rats
77 creatures vanquished.

Notes
Turn   | Place    | Note
-------+----------+-------------------------------------------
     0 | D:1      | Kinoniko the Palentonga Berserker began the quest for the
                  | Orb.
     0 | D:1      | Reached XP level 1. HP: 19/19 MP: 1/1
   252 | D:1      | Reached XP level 2. HP: 25/25 MP: 2/2
   415 | D:1      | Reached skill level 4 in Maces & Flails
   548 | D:1      | Reached XP level 3. HP: 25/31 MP: 3/3
   824 | D:1      | Found a faded altar of an unknown god.
  1074 | D:2      | Noticed Terence
  1083 | D:2      | Killed Terence
  1085 | D:2      | Reached skill level 5 in Maces & Flails
  1085 | D:2      | Reached XP level 4. HP: 37/37 MP: 4/4
  1140 | D:2      | Reached ** piety under Trog
  2286 | D:3      | Reached XP level 5. HP: 43/43 MP: 5/5
  2379 | D:3      | Found a runed translucent door.
  2379 | D:3      | Found a glowing golden altar of the Shining One.
  2391 | D:3      | Noticed Linguinho's ghost (amateur GrFi)
  2492 | D:3      | Found a bloodstained altar of Trog.
  2836 | D:3      | Found a shimmering altar of Xom.
  2987 | D:4      | Noticed an ogre
  2992 | D:4      | Noticed a phantom
  2992 | D:4      | Killed an ogre
  2993 | D:4      | Reached skill level 6 in Maces & Flails
  3003 | D:3      | Slain by an orc

Illustrated notes

Levels and vault maps discovered:
D:1:      psy_arrival_terrarium, layout_rooms,
          hellmonk_ecumenical_altar_crossroads, hangedman_decor_slide_cut,
          nrook_mini_backslash
D:2:      layout_basic, uniq_terence
D:3:      layout_loops_ring, mainiacjoe_overflow_alcove_4,
          mainiacjoe_overflow_catch_the_wave, ebering_ghost_sewer_d
D:4:      layout_loops_cross, minmay_manual_macuahuitl, uniq_natasha

Skill      XL: |  1  2  3  4  5 |
---------------+----------------+-----
Maces & Flails | 4 5 6 |  6.3
Fighting       | |  3.5
Armour         | |  1.5
Dodging        | |  1.5

Action                   |  1- 3 |  4- 6 || total
-------------------------+-------+-------++-------
Melee: Mace              |    87 |    87 ||   174
       Tailslap          |     9 |    18 ||    27
       Flail             |       |    33 ||    33
Invok: Berserk           |     1 |     4 ||     5
  Use: Scroll            |       |     6 ||     6
Armor: Animal skin       |    18 |       ||    18
       Ring mail         |    17 |       ||    17
       Chain mail        |       |   109 ||   109
Dodge: Dodged            |    55 |    59 ||   114
